AoeStats
← Chiqui Tapia

Nomad

506975839Analyzed
3v3 RM · 15d ago on Sep 16, 2026· 44m 46s· 6 players
Game mode
Random Map
Map size
210×210
Population
200
Speed
Normal
Resources
Standard
Victory
Conquest
Starting age
Dark Age
Ending age
Imperial Age
RankedLock teamsTeams togetherTeam positionsShared explorationLock speedFull tech treeHidden civsTurbo modeCheats
Victory
Defeat
🇦🇷 Franks · Argentina
1198
+10
🇦🇷 Malians · Argentina
1198
+10
🇦🇷 Portuguese · Argentina
1025
+17
🇺🇸 Mongols · United States
1092
-14
🇺🇸 Franks · United States
1084
-13
🇺🇸 Japanese · United States
1007
-10
MrPZizzle
5:06 Loom
13:01 Feudal Age
13:32 Double-Bit Axe
15:12 Horse Collar
16:37 Wheelbarrow
22:12 Castle Age
21:14 Scale Barding Armor
21:21 Forging
23:27 Chain Barding Armor
23:23 Bloodlines
23:13 Husbandry
23:40 Bow Saw
25:06 Light Cavalry
33:44 Iron Casting
33:00 Fletching
36:58 Hand Cart
41:44 Bodkin Arrow
44:39 Imperial Age
42:38 Town Watch
mchat11
4:10 Loom
13:57 Feudal Age
14:38 Fishing Lines
15:51 Double-Bit Axe
15:51 Man-at-Arms
19:18 Forging
20:40 Wheelbarrow
20:17 Scale Mail Armor
24:27 Castle Age
22:50 Arson
23:47 Gold Mining
25:42 Bow Saw
25:36 Long Swordsman
26:22 Squires
28:30 Pikeman
30:14 Iron Casting
33:46 Horse Collar
34:21 Gambesons
34:53 Chain Mail Armor
36:35 Elite Skirmisher
40:40 Imperial Age
40:08 Ballistics
40:34 Fletching
43:08 Heavy Plow
44:12 Two-Man Saw
JimJuice
5:40 Loom
13:22 Feudal Age
14:53 Double-Bit Axe
15:07 Town Watch
16:46 Gold Mining
21:13 Castle Age
20:20 Fletching
20:37 Scale Barding Armor
21:19 Forging
27:00 Bow Saw
28:16 Stone Mining
30:54 Wheelbarrow
36:12 Gold Shaft Mining
Trocotoide
4:26 Loom
13:13 Feudal Age
14:09 Double-Bit Axe
18:56 Castle Age
17:42 Gold Mining
17:42 Stone Mining
18:36 Bloodlines
19:41 Forging
21:05 Fishing Lines
26:31 Town Watch
28:36 Wheelbarrow
28:24 Fletching
29:36 Tigui
30:52 Scale Barding Armor
31:20 Husbandry
35:10 Gold Shaft Mining
34:25 Stone Mining
34:20 Horse Collar
35:50 Chain Barding Armor
41:01 Iron Casting
44:49 Imperial Age
43:07 Bow Saw
43:00 Heavy Plow
44:30 Hand Cart
44:39 Town Patrol
Chiqui Tapia
15:18 Feudal Age
23:48 Castle Age
23:35 Bloodlines
24:27 Double-Bit Axe
25:57 Elite Skirmisher
26:54 Fletching
27:16 Forging
34:11 Iron Casting
33:42 Scale Barding Armor
36:18 Bodkin Arrow
45:00 Imperial Age
43:48 Chain Barding Armor
Bellota
9:45 Loom
12:44 Feudal Age
16:35 Castle Age
14:54 Fishing Lines
16:25 Scale Barding Armor
17:40 Chain Barding Armor
19:52 Forging
23:00 Town Watch
23:55 Wheelbarrow
29:12 Husbandry
30:12 Fervor
30:59 Sanctity
31:11 Hand Cart
30:53 Gold Mining
30:54 Double-Bit Axe
32:12 Fletching
33:48 Gold Shaft Mining
33:24 Bow Saw
34:01 Bodkin Arrow
38:02 Imperial Age
35:41 Scale Mail Armor
35:53 Town Patrol
36:39 Chain Mail Armor
36:10 Arson
37:27 Iron Casting
38:19 #83
38:03 Elite Throwing Axeman
39:30 Conscription
40:08 Plate Barding Armor
40:05 Plate Mail Armor
40:02 Gambesons
40:17 Squires
44:00 Blast Furnace
44:04 Ballistics
44:05 Stone Mining
45:20 Coinage
45:11 Siege Engineers
46:07 Chemistry
Connection lost

Rejoining the realm…

Still unreachable

The connection could not be restored.

Session expired

The server has moved on; the page needs a fresh start.